 Dungeon Crawl Stone Soup version 0.31-a0-1074-g0b22e4e0f1 (webtiles) character file.

Game seed: 7057477029927659514

399 horus123 the Digger (level 6, -1/76 HPs)
             Began as a Demigod Earth Elementalist on Dec 5, 2023.
             Slain by a bullfrog (4 damage)
             ... in a sewer.
             The game lasted 00:07:54 (3740 turns).

horus123 the Digger (Demigod Earth Elementalist)    Turns: 3740, Time: 00:07:55

Health: -1/76      AC: 27    Str: 15 (17) XL:     6   Next: 28%
Magic:  13/13      EV: -1    Int: 16 (17) God:
Gold:   222        SH:  5    Dex: 11 (14) Spells: 7/11 levels left

rFire   . . .        h - +1 mace
rCold   . . .        (no shield)
rNeg    . . .        n - melded +3 plate armour "Waponuw" {rC+ Will+ Int+2}
rPois   +            (helmet currently unavailable)
rElec   .            (cloak currently unavailable)
rCorr   .            (gloves currently unavailable)
SInv    .            (boots currently unavailable)
Will    .....        m - amulet of reflection
Stlth   ++           e - +4 ring of protection
HPRegen 0.32/turn    (no ring)
MPRegen 0.13/turn

%: reflection
@: brilliant, lethally poisoned (-1 -> -2), tree-form, hasted, constricted, very
quick
A: stationary, stasis, torment immunity, boosted hp, high MP 1, forlorn, divine
attributes
a: no special abilities


You were in a sewer.
You were a tree.
You visited 1 branch of the dungeon, and saw 4 of its levels.
You also visited: Sewer.

You collected 222 gold pieces.

Inventory:

Hand Weapons
 h - a +1 mace (weapon)
Armour
 a - a +0 robe
 n - the +3 plate armour "Waponuw" (melded) {rC+ Will+ Int+2}
   (You found it on level 3 of the Dungeon)

   Int+2:     It affects your intelligence (+2).
   rC+:       It protects you from cold.
   Will+:     It increases your willpower.
Magical Staves
 o - a staff of fire
Jewellery
 e - a +4 ring of protection (left branch)
 m - an amulet of reflection (around neck)
Wands
 g - a wand of flame (45)
Scrolls
 c - a scroll of enchant armour
 i - a scroll of immolation
 l - a scroll of fear {unknown}
 p - a scroll of fog {unknown}
 r - 2 scrolls of blinking {unknown}
 s - a scroll of brand weapon {unknown}
 t - a scroll of identify
Potions
 b - a potion of magic
 d - 2 potions of attraction
 f - a potion of curing
 k - a potion of lignification


   Skills:
 - Level 3.0 Fighting
 + Level 1.9 Maces & Flails
 - Level 1.7 Dodging
 - Level 1.7 Stealth
 - Level 3.0 Spellcasting
 - Level 0.8 Transmutations
 - Level 4.7 Earth Magic


You had 7 spell levels left.
You knew the following spells:

 Your Spells              Type           Power      Damage    Failure   Level
a - Sandblast             Erth           52%        2d12      2%          1
b - Stone Arrow           Conj/Erth      30%        3d8       22%         3

Your spell library contained the following spells:

 Spells                   Type           Power      Damage    Failure   Level
 Passwall                 Tmut/Erth      14%        N/A       9%          2
 Petrify                  Tmut/Erth      17%        N/A       52%         4
 Brom's Barrelling Bould  Conj/Erth      15%        2d4       56%         4


Dungeon Overview and Level Annotations

Branches:
Dungeon (4/15)              Sewer (1/1)
 Temple: D:4-7

Annotations:
D:3 2 transporters


Innate Abilities, Weirdness & Mutations

You are a tree.
Your roots penetrate the ground, keeping you stationary.
You cannot be teleported.
You are immune to unholy pain and torment.
Your maximum health is greatly increased.
Your equipment is partially melded.
You have an increased reservoir of magic. (+10% MP)
You shall have no god before yourself.
Your divine heritage dramatically boosts your attributes as you level up.


Message History

The ball python constricts you.
The ball python bites you but does no damage. x2
The frilled lizard bites you.
* * * LOW HITPOINT WARNING * * *
You hit the bullfrog.
The bullfrog is lightly wounded.
Your enlightenment fades.
You feel sick.
The bullfrog hits you but does no damage.
The ball python bites you but does no damage.
The adder bites you but does no damage.
The ball python bites you but does no damage.
The ball python constricts you.
The ball python bites you but does no damage.
You block the bullfrog's attack.
The ball python bites you but does no damage.
You closely miss the bullfrog.
The bullfrog is lightly wounded.
The ball python bites you but does no damage.
The frilled lizard bites you.
* * * LOW HITPOINT WARNING * * *
You block the adder's attack.
The bullfrog hits you but does no damage.
The ball python bites you but does no damage.
The ball python constricts you. The ball python bites you.
* * * LOW HITPOINT WARNING * * *
The ball python bites you but does no damage.
You barely miss the bullfrog.
The bullfrog is lightly wounded.
You feel sick.
The ball python bites you but does no damage.
The bullfrog hits you but does no damage.
The adder bites you but does no damage.
The frilled lizard bites you but does no damage.
You block the ball python's attack. The ball python constricts you.
The ball python bites you but does no damage. x2
You barely miss the bullfrog.
The bullfrog is lightly wounded.
You feel sick. The bullfrog hits you.
You die...

####################
S.≈≈≈≈~SS≈~≈≈≈≈≈~#.###
≈≈#l♣S~#≈~~≈≈....##
.~~~~~~SFS≈~~~≈~~~....#
.~≈~~~~~S≈≈~~~~~~.....#
.~≈~~~≈≈≈≈≈≈≈~~≈≈~....##
..~≈≈≈≈≈≈≈≈≈≈≈≈≈≈......#
###################....#
####...## #..#....#
#..'....#


You could see a bullfrog, an adder, 5 ball pythons and a frilled lizard.

Vanquished Creatures
  A bullfrog (Sewer)
  A hound (D:3)
  Ijyb (D:3)
  A gnoll (D:1)
  9 adders
  5 river rats
  2 ufetubi (D:3)
  A worm (D:2)
  2 dart slugs (D:1)
  7 orcs
  15 ball pythons
  11 endoplasms
  4 giant cockroaches
  11 goblins
  7 hobgoblins
  2 quokkas
  5 bats
  4 frilled lizards
  14 kobolds
  35 rats
138 creatures vanquished.

Notes
Turn   | Place    | Note
-------+----------+-------------------------------------------
     0 | D:1      | horus123 the Demigod Earth Elementalist began the quest for
                  | the Orb.
     0 | D:1      | Reached XP level 1. HP: 14/14 MP: 5/5
   211 | D:1      | Reached XP level 2. HP: 20/20 MP: 5/8
   514 | D:1      | Reached XP level 3. HP: 26/26 MP: 3/10
   635 | D:1      | Reached skill level 3 in Earth Magic
   874 | D:2      | Learned a level 3 spell: Stone Arrow
  1453 | D:2      | Reached XP level 4. HP: 26/33 MP: 8/11
  2046 | D:3      | Reached skill level 4 in Earth Magic
  2294 | D:3      | Found a transporter.
  2309 | D:3      | Found a transporter.
  2544 | D:3      | Reached XP level 5. HP: 38/38 MP: 9/12
  2573 | D:3      | Identified the +3 plate armour "Waponuw" {rC+ Will+ Int+2}
  2641 | D:3      | Noticed Ijyb
  2667 | D:3      | Killed Ijyb
  2668 | D:3      | Reached skill level 1 in Fighting
  3176 | D:4      | Found a glowing drain.
  3185 | Sewer    | Entered a sewer
  3612 | Sewer    | Reached XP level 6. HP: 51/51 MP: 13/13
  3721 | Sewer    | Reached skill level 1 in Maces & Flails
  3740 | Sewer    | HP: 3/76 [poisoned by an adder]
  3740 | Sewer    | Slain by a bullfrog

Illustrated notes

Levels and vault maps discovered:
D:1:      dpeg_arrival_subterranean_lakeside_camping, layout_basic
D:2:      minmay_kobold_bridge, layout_basic, ebering_ecumenical_altar_ruins
D:3:      gammafunk_steamed_eel, layout_basic, marbit_many_paths,
          nicolae_ru_great_annihilating_truth, dreamdust_wishing_well, uniq_ijyb
D:4:      layout_rooms, nicolae_kikubaaqudgha_miasma_corner,
          general_overflow_altar, gup_sewer_entry_bubbles,
          minmay_misc_feat_secret_circle, hangedman_abyss_or_decor_stabs
Sewer:    sewer_minmay_w

Skill      XL: |  1  2  3  4  5  6 |
---------------+-------------------+-----
Spellcasting   | 2 3 |  3.0
Earth Magic    | 3 4 |  4.7
Fighting       | 3 |  3.0
Maces & Flails | 1 |  1.9
Dodging        | |  1.7
Stealth        | |  1.7
Transmutations | |  0.8

Action                     |  1- 3 |  4- 6 || total
---------------------------+-------+-------++-------
  Melee: Spear             |     8 |       ||     8
         Mace              |     1 |   260 ||   261
         Punch             |       |     3 ||     3
   Cast: Sandblast         |    68 |    43 ||   111
    Use: Scroll            |       |     6 ||     6
         Potion            |       |     5 ||     5
   Stab: Paralysed         |       |     3 ||     3
 Armour: Robe              |    23 |    12 ||    35
         Plate armour      |       |   536 ||   536
         Skin              |       |    56 ||    56
  Dodge: Dodged            |    17 |    94 ||   111
  Block: Other             |       |   104 ||   104

Table legend: (Time is in decaauts)
 A = Elapsed time spent in this place.
 B = Non-inter-level travel time spent in this place.
 C = Inter-level travel time spent in this place.
 D = Time resting spent in this place.
 E = Time spent auto-exploring this place.
 F = Levels seen in this place.
 G = Mean time per level.
                   A        B        C        D        E       F      G
               +--------+--------+--------+--------+--------+-----+--------+
         Total |   3966 |   3910 |     56 |    338 |   2549 |   5 |  793.2 |
       Dungeon |   3304 |   3248 |     56 |    143 |   2434 |   4 |  826.0 |
         Sewer |    661 |    661 |      0 |    195 |    114 |   1 |  661.0 |
               +--------+--------+--------+--------+--------+-----+--------+

Top non-repeatable levels by time:
     D:2: 1196 daAuts
     D:3: 936 daAuts
     D:1: 881 daAuts
   Sewer: 661 daAuts
     D:4: 290 daAuts
